 Dungeon Crawl Stone Soup version 0.23.2 (webtiles) character file.

Game seed: 2164226419969943370

7584 heintsi the Grappler (level 10, -4/100 HPs)
             Began as a Troll Monk on Apr 2, 2019.
             Was an Elder of Cheibriados.
             Slain by an eight-headed hydra (11 damage)
             ... on level 1 of the Lair of Beasts on Apr 3, 2019.
             The game lasted 00:29:43 (7326 turns).

heintsi the Grappler (Troll Monk)                   Turns: 7326, Time: 00:29:44

Health: -4/100     AC:  6    Str: 33    XL:     10   Next: 97%
Magic:  13/13      EV: 15    Int: 17    God:    Cheibriados [****..]
Gold:   458        SH:  0    Dex: 22    Spells: 9/9 levels left

rFire    . . .     SeeInvis .     - Unarmed
rCold    . . .     Gourm    +   (no shield)
rNeg     . . .     Faith    .   a - +0 robe
rPois    .         Spirit   .   (helmet restricted)
rElec    .         Reflect  .   (no cloak)
rCorr    .         Harm     .   (gloves unavailable)
MR       .....                  (boots unavailable)
Stlth    ++........             (no amulet)
HPRegen  0.66/turn              (no ring)
MPRegen  0.13/turn              (no ring)

@: very slow
A: large, unfitting armour, claws 3, fast metabolism 3, gourmand, regeneration
1, shaggy fur 1, tough skin 3
a: Bend Time, Temporal Distortion, Slouch, Renounce Religion


You were on level 1 of the Lair of Beasts.
You worshipped Cheibriados.
Cheibriados was greatly pleased with you.
You were completely stuffed.

You visited 2 branches of the dungeon, and saw 11 of its levels.

You collected 458 gold pieces.

Inventory:

Hand Weapons
 b - a +5 dagger of venom
 n - a +1 hunting sling
 v - a +0 spear
 w - a +0 giant spiked club
 z - a +0 scythe
 A - a +0 club
 B - a +0 war axe of chopping
 C - a +0 trident
 G - a +0 shortbow
 I - a +1 quarterstaff of crushing
Missiles
 d - 444 stones (quivered)
 H - a throwing net
Armour
 a - a +0 robe (worn)
 E - a +0 cloak
Jewellery
 m - a cursed -2 ring of strength
 D - a cursed ring of positive energy
Wands
 J - a wand of flame (27)
 O - a wand of digging (6)
Scrolls
 e - 6 scrolls of remove curse
 h - 4 scrolls of enchant weapon
 j - 2 scrolls of amnesia {unknown}
 o - 2 scrolls of blinking {unknown}
 p - 6 scrolls of identify
 q - 4 scrolls of teleportation {unknown}
 r - a scroll of magic mapping
 u - 3 scrolls of enchant armour {unknown}
 M - 2 scrolls of fog {unknown}
Potions
 c - 3 potions of might {unknown}
 f - 2 potions of magic {unknown}
 g - 2 potions of agility {unknown}
 i - 3 potions of lignification {unknown}
 k - 2 potions of flight {unknown}
 l - a potion of berserk rage {unknown}
 s - 2 potions of haste {unknown}
 t - 3 potions of brilliance {unknown}
 x - 3 potions of curing {unknown}
 F - a potion of mutation {unknown}
 K - a potion of heal wounds {unknown}
 L - 3 potions of resistance {unknown}
 N - a potion of ambrosia {unknown}
Comestibles
 y - 21 rations
 P - 7 chunks of flesh


   Skills:
 + Level 6.9 Fighting
 - Level 4.2 Short Blades
 + Level 6.9 Dodging
 - Level 1.0 Stealth
 * Level 10.7 Unarmed Combat
 + Level 5.3 Invocations


You had 9 spell levels left.
You didn't know any spells.
Your spell library contained the following spells:

 Spells                   Type           Power        Failure   Level  Hunger
 Confusing Touch          Hex            #.....       24%         1    ##.....
 Poisonous Vapours        Pois/Air       #.....       34%         2    ###....
 Confuse                  Hex            #.......     56%         3    ####...
 Conjure Flame            Conj/Fire      #.......     56%         3    ####...
 Gell's Gravitas          Tloc           #.........   56%         3    ####...
 Mephitic Cloud           Conj/Pois/Air  #.......     56%         3    ####...
 Petrify                  Tmut/Erth      #.......     93%         4    #####..
 Metabolic Englaciation   Hex/Ice        #.........   100%        5    ######.
 Yara's Violent Unravell  Hex/Tmut       #.........   100%        5    ######.
 Freezing Cloud           Conj/Ice/Air   #.........   100%        6    #######
 Ring of Flames           Chrm/Fire      #.........   100%        7    #######


Dungeon Overview and Level Annotations

Branches:
Dungeon (10/15)            Temple (0/1) D:5            Lair (1/6) D:8
    Orc: D:9-12

Altars:
Cheibriados
Fedhas
Gozag
Okawaru
Qazlal
Trog
Uskayaw
Zin


Innate Abilities, Weirdness & Mutations

You are too large for most types of armour.
You have claws for hands.
Your metabolism is lightning-fast.
You like to eat raw meat.
Your natural rate of healing is unusually fast.
You are covered in fur. (AC +1)
You have extremely tough skin. (AC +3)


Message History

The seven-headed hydra bites you but does no damage.
You claw one of the seven-headed hydra's heads off!
The six-headed hydra grows two more!
You scratch the eight-headed hydra.
The eight-headed hydra is moderately wounded.
The eight-headed hydra bites you! x2
* * * LOW HITPOINT WARNING * * *
The eight-headed hydra misses you.
The eight-headed hydra barely misses you. x3
The eight-headed hydra closely misses you.
The eight-headed hydra bites you.
* * * LOW HITPOINT WARNING * * *
The eight-headed hydra bites you.
* * * LOW HITPOINT WARNING * * *
The eight-headed hydra barely misses you.
The eight-headed hydra bites you!
* * * LOW HITPOINT WARNING * * *
The eight-headed hydra bites you but does no damage.
The eight-headed hydra barely misses you.
The eight-headed hydra bites you!
You die...

.####.###..... ..
.............. .
.............. #.
.............. +##..
............ ..#
.....##+#.##...... ..#
.......$......#.## #.#
.....#...........# #.#
.......@D.....#.## #..
..(..#.......)..# #..
.....#........#.## #..
.................#####..
.....#........#.##.##P..
..............#..÷......
............#.÷##.P.##
....###.#+####........#
..............#.....#


You could see an eight-headed hydra.

Vanquished Creatures
  Erica (Lair:1)
  A black mamba (Lair:1)
  Joseph (D:7)
  3 spiny frogs (Lair:1)
  A komodo dragon (Lair:1)
  Sigmund (D:4)
  4 hippogriffs
  5 yaks (D:8)
  A water moccasin (D:5)
  5 porcupines
  Duvessa (D:4)
  An ice beast (D:6)
  3 phantoms
  4 ogres
  4 centaurs
  5 crocodiles
  3 bullfrogs
  A big kobold (D:7)
  Dowan (D:4)
  A scorpion (D:5)
  2 howler monkeys
  3 crimson imps
  A centaur zombie (D:5)
  A bullfrog zombie (D:6)
  An iron imp (D:5)
  2 jellies
  A hound (D:6)
  3 orc wizards
  3 bullfrog skeletons
  4 orc priests
  4 iguanas
  5 worker ants
  A killer bee zombie (D:6)
  A hound zombie (D:7)
  3 gnolls
  8 adders
  4 shadow imps
  2 oozes
  An adder skeleton (D:4)
  3 worms
  3 leopard geckos
  19 orcs
  6 bats
  3 giant cockroaches
  7 goblins
  6 hobgoblins (D:1)
  12 jackals
  5 quokkas
  A ball python (D:1)
  2 frilled lizards
  16 kobolds
  4 rats
184 creatures vanquished.

Notes
Turn   | Place    | Note
-------+----------+-------------------------------------------
     0 | D:1      | heintsi the Troll Monk began the quest for the Orb.
     0 | D:1      | Reached XP level 1. HP: 22/22 MP: 0/0
   244 | D:1      | Reached XP level 2. HP: 29/29 MP: 1/1
   761 | D:2      | Reached XP level 3. HP: 36/36 MP: 2/2
  1110 | D:2      | Reached skill level 4 in Unarmed Combat
  1461 | D:3      | Reached XP level 4. HP: 44/44 MP: 3/3
  1567 | D:3      | Reached XP level 5. HP: 53/53 MP: 4/4
  1642 | D:3      | Found a bloodstained altar of Trog.
  2000 | D:4      | Noticed Duvessa
  2001 | D:4      | Noticed Dowan
  2214 | D:4      | Noticed Sigmund
  2295 | D:4      | Noticed a +0 hand axe
  2295 | D:4      | Noticed a +0 dagger
  2300 | D:4      | Found a hide-covered altar of Uskayaw.
  2326 | D:4      | Reached skill level 5 in Unarmed Combat
  2435 | D:5      | Entered Level 5 of the Dungeon
  2435 | D:5      | Noticed a phantom
  2440 | D:5      | Noticed a water moccasin
  2457 | D:5      | Reached XP level 6. HP: 22/61 MP: 5/5
  2516 | D:5      | Reached skill level 6 in Unarmed Combat
  2547 | D:4      | Killed Duvessa
  2547 | D:4      | Reached XP level 7. HP: 37/70 MP: 6/6
  2710 | D:4      | Killed Dowan
  2825 | D:4      | Killed Sigmund
  2977 | D:4      | Reached skill level 1 in Short Blades
  2977 | D:4      | Reached skill level 7 in Unarmed Combat
  3128 | D:5      | Reached XP level 8. HP: 43/79 MP: 7/7
  3318 | D:5      | Found an opulent altar of Gozag.
  3343 | D:5      | Found a snail-covered altar of Cheibriados.
  3360 | D:5      | Became a worshipper of Cheibriados the Contemplative
  3360 | D:5      | Reached * piety under Cheibriados
  3360 | D:5      | Reached ** piety under Cheibriados
  3391 | D:5      | Found a stormy altar of Qazlal.
  3624 | D:5      | Found a staircase to the Ecumenical Temple.
  3630 | D:5      | Reached skill level 1 in Invocations
  4196 | D:6      | Reached skill level 5 in Fighting
  4196 | D:6      | Reached skill level 5 in Dodging
  4246 | D:6      | Found a glowing silver altar of Zin.
  4250 | D:6      | Found a blossoming altar of Fedhas.
  4343 | D:6      | Reached XP level 9. HP: 79/88 MP: 9/9
  4659 | D:7      | Reached *** piety under Cheibriados
  4659 | D:7      | Reached skill level 8 in Unarmed Combat
  4761 | D:7      | Noticed Joseph
  4772 | D:7      | HP: 2/88 [something (23)]
  4920 | D:7      | Killed Joseph
  5236 | D:7      | Found an iron altar of Okawaru.
  5778 | D:8      | Reached **** piety under Cheibriados
  5855 | D:8      | Reached skill level 9 in Unarmed Combat
  5870 | D:8      | Reached XP level 10. HP: 53/98 MP: 11/11
  6155 | D:10     | Entered Level 10 of the Dungeon
  6205 | D:8      | Found a staircase to the Lair.
  6763 | Lair:1   | Entered Level 1 of the Lair of Beasts
  6763 | Lair:1   | Noticed a spiny frog
  6775 | Lair:1   | Killed a spiny frog
  6777 | Lair:1   | Noticed a spiny frog
  6783 | Lair:1   | Killed a spiny frog
  6786 | Lair:1   | Noticed a four-headed hydra
  6799 | Lair:1   | Noticed a black mamba
  6807 | Lair:1   | Reached skill level 10 in Unarmed Combat
  6814 | Lair:1   | Killed a black mamba
  7168 | Lair:1   | Noticed Erica
  7179 | Lair:1   | Killed Erica
  7179 | Lair:1   | Reached skill level 5 in Invocations
  7180 | Lair:1   | Noticed a spiny frog
  7193 | Lair:1   | Killed a spiny frog
  7326 | Lair:1   | Slain by an eight-headed hydra

Skill      XL: |  1  2  3  4  5  6  7  8  9 10 |
---------------+-------------------------------+-----
Unarmed Combat | 4 5 6 7 9 10 | 10.7
Fighting       | 3 4 5 6 |  6.9
Dodging        | 3 4 5 6 |  6.9
Short Blades   | 1 3 4 |  4.2
Invocations    | 2 3 5 |  5.3
Stealth        | |  1.0

Action                   |  1- 3 |  4- 6 |  7- 9 | 10-12 || total
-------------------------+-------+-------+-------+-------++-------
Melee: Unarmed           |   101 |   101 |   133 |    97 ||   432
       Punch             |     1 |     5 |    30 |     4 ||    40
       Dagger            |       |       |   212 |       ||   212
Throw: Stone             |     1 |     2 |       |     5 ||     8
Invok: Bend Time         |       |       |       |     1 ||     1
       Temporal Distorti |       |       |       |     1 ||     1
  Use: Scroll            |     2 |     2 |       |       ||     4
 Stab: Sleeping          |     1 |     1 |     4 |       ||     6
       Distracted        |       |       |     2 |       ||     2
  Eat: Chunk             |    18 |     9 |    24 |     9 ||    60
Armor: Robe              |    47 |    25 |    70 |    28 ||   170
Dodge: Dodged            |    54 |    78 |   199 |   109 ||   440
